Cogmind - Beta 13 @@@ ROGUE MODE // 2024.07.16 @ 12:34:36 Player: jimmyl Result: Destroyed by D-53 Grenadier with Mini Grenade Launcher Performance ------------- Evolutions (0) 0 Regions Visited (2) 400 Robots Destroyed (22) 110 Value Destroyed (645) 645 Prototype IDs (0) 0 Alien Tech Used (0) 0 Bonus (0) 0 TOTAL SCORE: 1155 Bonus ------- None Cogmind --------- Core Integrity 0/250 Matter 300/300 Energy 125/125 System Corruption 0% Temperature Cool (0) Movement Treading (160) Location -10/Mines Parts ------- > --- POWER (1) -------- Light Ion Engine > --- PROPULSION (2) --- Light Treads Light Treads > --- UTILITY (2) ------ Medium Storage Unit Tractor Beam > --- WEAPON (2) ------- EM Pulse Gun Light Assault Rifle > --- INVENTORY (10) --- Wheel Compact Wheel High-capacity Storage Unit Peak State ------------ > --- POWER ------------ Ion Engine > --- PROPULSION ------- Light Treads Light Treads > --- UTILITY ---------- Small Storage Unit Tractor Beam > --- WEAPON ----------- EM Pulse Gun Small Laser > --- INVENTORY -------- Light Treads Wheel Compact Wheel [Rating: 7] Favorites ----------- Power Ion Engine Engine Ion Engine Propulsion Light Treads Treads Light Treads Leg Aluminum Leg Utility Tractor Beam Device Tractor Beam Storage Medium Storage Unit Weapon EM Pulse Gun Energy Gun EM Pulse Gun Ballistic Gun Light Assault Rifle Launcher Grenade Launcher Build | -11 -10 -10 ------- Run | Yrd Mat Min Slots Evolved . | . . . Power . | . . . Propulsion . | . . . Utility . | . . . Weapon . | . . . Parts Attached 17 | . 8 9 Power 2 | . 1 1 Engine 2 | . 1 1 Core . | . . . Reactor . | . . . Propulsion 3 | . 2 1 Treads 3 | . 2 1 Leg . | . . . Wheel . | . . . Hover . | . . . Flight . | . . . Utility 6 | . 1 5 Device 2 | . 1 1 Storage 4 | . . 4 Processor . | . . . Hackware . | . . . Protection . | . . . Artifact . | . . . Weapon 6 | . 4 2 Energy Gun 4 | . 3 1 Energy Cannon . | . . . Ballistic Gun 1 | . . 1 Ballistic Cannon . | . . . Launcher 1 | . 1 . Special Weapon . | . . . Impact Weapon . | . . . Slashing Weapon . | . . . Piercing Weapon . | . . . Special Melee Weapon . | . . . Unidentified Prototypes . | . . . Parts Lost 5 | . 5 . Power 1 | . 1 . Propulsion 1 | . 1 . Utility . | . . . Weapon 3 | . 3 . Highest Loss Streak 5 | . 5 . To Critical Strikes . | . . . Average Slot Usage (%) 96 | . 87 100 Engine 14 | . 14 14 Treads 24 | . 17 28 Leg 3 | . 9 . Device 10 | . 4 13 Storage 14 | . 14 14 Energy Gun 22 | . 26 20 Ballistic Gun 5 | . . 7 Naked Turns . | . . . Heaviest Build 56 | 12 14 56 Greatest Support 40 | 20 40 40 Greatest Overweight (x) 4 | . 4 1 Average Overweight (x) . | . . . Largest Inventory Capacity 20 | 8 8 20 Average Capacity 9 | 8 8 10 Most Carried 8 | 6 8 5 Average Carried 3 | 6 4 3 Final Capacity 10 | 8 8 10 Final Carried 6 | 6 4 3 Class Distribution -------------------- 100% | Mutant Dominant Class ---------------- Mutant | -10/Materials Mutant | -10/Mines Resources | -11 -10 -10 ----------- Run | Yrd Mat Min Matter Collected 461 | 200 105 156 Remotely 172 | . 31 141 Salvage Created 606 | . 357 249 Parts 35 | . 25 10 Haulers Intercepted . | . . . Recyclers Shooed 1 | . 1 . Parts Field Recycled . | . . . Retrieved Matter . | . . . Parts Self-Destructed . | . . . Prevented . | . . . Kills | -11 -10 -10 ------- Run | Yrd Mat Min Combat Hostiles Destroyed 17 | . 11 6 Guns 9 | . 3 6 AOE 7 | . 7 . Classes Destroyed 6 | . 4 2 Worker 2 | . 1 1 Builder 3 | . 3 . Tunneler 1 | . . 1 Operator 1 | . 1 . Grunt 15 | . 11 4 Assembled 2 | . . 2 Best Kill Streak 13 | . 13 4 Combat Bots Only 9 | . 9 2 Max Kills in Single Turn 3 | . 3 3 Gunslinging . | . . . Exploded 1 | . 1 . Melee . | . . . Uniques/NPCs Destroyed . | . . . Combat | -11 -10 -10 -------- Run | Yrd Mat Min Hostile Shots Fired 98 | . 71 27 Missed 22 | . 16 6 Damage Taken 1172 | . 797 375 Core 251 | . 202 49 Absorbed by Shields . | . . . Core Remaining (%) 100 | 100 . . Volleys Fired 65 | . 45 20 Largest 2 | . 2 2 Hottest 90 | . 90 80 Shots Fired 91 | . 55 36 Gun 80 | . 44 36 Cannon . | . . . Launcher 11 | . 11 . Special . | . . . Kinetic 5 | . . 5 Thermal 41 | . 30 11 Explosive 11 | . 11 . Electromagnetic 34 | . 14 20 Robot Hit Streak 9 | . 9 8 Robot Miss Streak 5 | . 3 5 Penetration Max . | . . . Secondary Targets 1 | . . 1 Max Gunslinging Chain 1 | . . 1 Shots Hit Robots 63 | . 35 28 Core Hits 48 | . 31 17 Critical Kills . | . . . Critical Parts Destroyed . | . . . Critical Strikes 1 | . . 1 Corrupt 1 | . . 1 Melee Attacks . | . . . Impact . | . . . Slashing . | . . . Piercing . | . . . Sneak Attacks . | . . . Combat Hostiles . | . . . Follow-up Attacks . | . . . Damage Inflicted 1752 | . 1295 457 Guns 717 | . 387 330 Cannons . | . . . Explosions 1030 | . 906 124 Melee . | . . . Ramming 5 | . 2 3 Kinetic 31 | . . 31 Thermal 593 | . 373 220 Explosive 811 | . 811 . Electromagnetic 312 | . 109 203 Impact . | . . . Slashing . | . . . Piercing . | . . . Highest Corruption . | . . . Average Corruption . | . . . Corruption Purged . | . . . Corruption Blocked . | . . . Overload Shots . | . . . Overflow Damage 78 | . 71 7 Projectiles . | . . . Explosions 78 | . 71 7 Melee . | . . . Knockbacks . | . . . Impact . | . . . Kinetic . | . . . Secondary . | . . . Self-Inflicted Damage 172 | . 135 37 Shots 6 | . 5 1 Rammed 3 | . 1 2 Targets Rammed 3 | . 1 2 Kicked . | . . . Crushed . | . . . Highest Temperature 322 | . 322 180 Average Temperature 120 | . 158 57 Received Heat Transfer 471 | . 360 111 Effects 3 | . 3 . Energy Bleed 1 | . 1 . Short Circuit 2 | . 2 . Siege Activations . | . . . Robots Corrupted . | . . . Combat Hostiles . | . . . Parts Fried 2 | . 1 1 Impact Corruptions . | . . . Robots Melted 1 | . 1 . Combat Hostiles 1 | . 1 . Parts Melted 1 | . 1 . Heat Transferred 1257 | . 832 425 Parts Sabotaged . | . . . Parts Stolen . | . . . Parts Stripped . | . . . Power Chain Reactions 3 | . 1 2 Alert | -11 -10 -10 ------- Run | Yrd Mat Min Peak Influence 307 | . 307 146 Initial 49 | . . 49 Average 97 | . 172 62 Maximum Alert Level 1 | . 1 . Low Security (%) 84 | 100 49 100 Level 1 15 | . 50 . Level 2 . | . . . Level 3 . | . . . Level 4 . | . . . Level 5 . | . . . High Security . | . . . Max Security . | . . . Squads Dispatched 3 | . 3 . Investigation 2 | . 2 . Extermination . | . . . Reinforcement 1 | . 1 . Assault . | . . . Garrison . | . . . Intercept . | . . . Searches Triggered . | . . . Construction Impeded . | . . . Haulers Reinforced . | . . . Active Scanning Responses . | . . . Cargo Convoy Interrupts . | . . . Stealth | -11 -10 -10 --------- Run | Yrd Mat Min Distress Signals 1 | . 1 . Communications Jammed . | . . . Distress Signals . | . . . Times Spotted 28 | . 15 13 Peak Tracking Total 6 | . 6 2 Tactical Retreats 3 | . . 3 Traps | -11 -10 -10 ------- Run | Yrd Mat Min Traps Triggered . | . . . Indirectly . | . . . Trap Hack Attempts . | . . . Triggered . | . . . Disarmed . | . . . Reprogrammed . | . . . Reused . | . . . Traps Extracted . | . . . Installed . | . . . Triggered . | . . . Machines | -11 -10 -10 ---------- Run | Yrd Mat Min Machines Disabled 3 | . 3 . Max in Single Turn 1 | . 1 . Machines Repaired . | . . . Machines Dismantled . | . . . Machines Sabotaged . | . . . Overloaded Fab Kills . | . . . Hacking | -11 -10 -10 --------- Run | Yrd Mat Min Machines Accessed 3 | . 3 . Terminals 3 | . 3 . Fabricators . | . . . Repair Stations . | . . . Recycling Units . | . . . Scanalyzers . | . . . Garrison Access . | . . . Total Hacks 9 | . 9 . Successful 3 | . 3 . Failed 6 | . 6 . Catastrophic . | . . . Database Lockouts . | . . . Manual 7 | . 7 . Terminals 9 | . 9 . Fabricators . | . . . Repair Stations . | . . . Recycling Units . | . . . Scanalyzers . | . . . Garrison Access . | . . . Terminal Hacks . | . . . Fabricator Hacks . | . . . Repair Station Hacks . | . . . Recycling Unit Hacks . | . . . Scanalyzer . | . . . Garrison Access Hacks . | . . . Unauthorized Hacks 3 | . 3 . Terminals 3 | . 3 . Botnet 2 | . 2 . Operators 1 | . 1 . Fabricators . | . . . Repair Stations . | . . . Recycling Units . | . . . Scanalyzers . | . . . Garrison Access . | . . . Data Cores Recovered . | . . . Used . | . . . Hacking Detections 3 | . 3 . Full Trace Events 2 | . 2 . Feedback Events . | . . . Feedback Blocked . | . . . Robot Schematics Acquired . | . . . Robots Built . | . . . Authchips . | . . . Time . | . . . Total Robot Build Rating . | . . . Part Schematics Acquired . | . . . Parts Built . | . . . Authchips . | . . . Time . | . . . Total Part Build Rating . | . . . Parts Repaired . | . . . Time . | . . . Parts Recycled . | . . . Recycled Matter . | . . . Retrieved Matter . | . . . Retrieved Components . | . . . Parts Scanalyzed . | . . . Part Schematics Acquired . | . . . Parts Damaged . | . . . Bothacking | -11 -10 -10 ------------ Run | Yrd Mat Min Used RIF Installer . | . . . Robots Hacked . | . . . Non-combat . | . . . Combat . | . . . Robot Hacks Applied . | . . . Relay Couplers Released . | . . . Fabnet Peak Effective % . | . . . Robots Rewired . | . . . Allies Hacked . | . . . Hacks Repelled . | . . . Allies | -11 -10 -10 -------- Run | Yrd Mat Min Total Allies . | . . . Largest Group . | . . . Highest-Rated Group . | . . . Highest-Rated Ally . | . . . Total Orders . | . . . Ally Attacks . | . . . Total Damage . | . . . Kills . | . . . Allies Corrupted . | . . . Allies Melted . | . . . Intel | -11 -10 -10 ------- Run | Yrd Mat Min Robot Analysis Total . | . . . Derelict Logs Recovered . | . . . Drone Launches . | . . . Drone Recoveries . | . . . Exploration | -11 -10 -10 ------------- Run | Yrd Mat Min Turns Passed 1519 | 5 479 1035 Spaces Moved 693 | 5 202 486 Core 2 | . 2 . Treads 624 | . 138 486 Legs 67 | 5 62 . Wheels . | . . . Hover . | . . . Flight . | . . . Fastest Speed 120 | 120 120 160 Average Speed 156 | 120 148 160 Slowest Speed 250 | 120 250 240 Overloaded Moves . | . . . Propulsion Burnouts . | . . . Robots Hopped . | . . . Cave-ins Triggered . | . . . Exploration Rate (%) 36 | 2 32 76 Regions Visited 2 Branch Regions 1 Pre-discovered Areas 1 | . . 1 Known Exits Taken . | . . . Unknown Exits Taken 2 | 1 1 . Scrap Searched 1 | . . 1 Spaces Dug 4 | . 4 . Terrain Destroyed 34 | . 27 7 Melee . | . . . Projectile . | . . . AOE 34 | . 27 7 Terrain Rammed . | . . . Walls Destroyed . | . . . Machines Disabled . | . . . Actions | -11 -10 -10 --------- Run | Yrd Mat Min Total 1036 | 4 326 706 Wait 240 | . 61 179 Move 691 | 4 201 486 Hop . | . . . Pick Up 11 | . 7 4 Fast Attach . | . . . Attach 8 | . 7 1 Detach 1 | . . 1 Swap 9 | . 1 8 Drop 8 | . 3 5 Fire 65 | . 45 20 Melee . | . . . Ram . | . . . Kick . | . . . Crush 3 | . 1 2 Escape Stasis . | . . . Rewire . | . . . Trap . | . . . Miscellaneous . | . . . Route ------- -11/Scrapyard -10/Materials -10/Mines (discovered 1 exit: [*Mat]) History --------- Turn | Location | Event 1 | -11/Scrapyard | Discovered new exit (range 3) 6 | -11/Scrapyard | Entered Materials 169 | -10/Materials | Core integrity fell below 50% 198 | -10/Materials | Destroyed 9 combat bots 199 | -10/Materials | Lost 5 parts (1p1n3w) 270 | -10/Materials | Core integrity fell below 20% 302 | -10/Materials | Build established: Mutant 464 | -10/Materials | Discovered new exit (range 13) 485 | -10/Materials | Entered Mines 692 | -10/Mines | Assembled infested the area 697 | -10/Mines | Assisted by a Guerilla fighting off Assembled 1463 | -10/Mines | Discovered new exit (range 7) 1464 | -10/Mines | Learned location of Storage (-9) 1520 | -10/Mines | Destroyed by D-53 Grenadier with Mini Grenade Launcher Last Messages --------------- 01122_ Acquired 10 matter. 01315_ G-34 Mercenary destroyed. 01315_ Switching to secondary target: G-47 Trooper. 01321_ G-47 Trooper destroyed. 01324_ Acquired 15 matter. 01328_ Acquired 10 matter. 01424_ U-05 Engineer lays Concrete. 01454_ K-01 Serf collects debris. 01463_ EXIT=FOUND 01464_ A derelict emerges from the shadows: "Are any of them following you? I'm here trying to lose some heat after our second raid on Storage failed. Whatever you do stay away from that place, they've tightened security following our previous successful raids." World map updated: -9/Storage. 01466_ SB-ZZ7(g): "We scattered so the Unaware couldn't effectively use their advantage in numbers, and I suggest you do the same." 01466_ SB-ZZ7(g) slips back into the shadows. Map ----- +----------------------------------------------------+ | | | | | ??????????????????????????????????????????????? | | ??????????????????????????????????????????????? | | ???????????????????###???????????######???????? | | ???????????????????# ####??????## ##??????? | | ???????????????????# ##????## ##?????? | | ????????????????????# ##???# ####??? | | ????????????????????#### ##??# #??? | | ?????#####????########?## ##?#### #??? | | ????## ###### #### < #????## ### #??? | | ????# # !!! ### #?????####?# #??? | | ##### ! ### ##??????????# #??? | | ## ! ! #?## #?????????### #??? | | ## ### !! #??# #?????????# #??? | | ?# #?#### ##??# ########??# #??? | | ## #????## =###??# #??# ###??? | | ## #?????# #### !%############ #### #????? | | # ######## ##??##!=%!% #????### ## #????? | | ![#####????##=### #???## # #????? | | #######%*#????????###### ##### #????? | | #?????# %#?????????### #????? | | ??????# #???????????# ## #### #????? | | ??????# #???????????# ## #??## #########????? | | ####### #???????????# ## #???# ##????????????? | | #???????????# ##@#???# #?????????????? | | ####### ##?????????## ##??# #?????????????? | | ??????# ##?????#### #??# #?????????????? | | ?????## #????## #### #?????????????? | | ????## ###### d #?????????????? | | ???## % d k #######?????????????? | | ??## #??????????????????? | | ?## ###### #?????????????????? | | ?# ####### #?????????????????? | | ?# #?## ##?????????????????? | | ?## ## ####??????????????????? | | ??### ##?? ##?????????????????????? | | ????## #??###### ##??????????????????????? | | ????# ##???????####???????????????????????? | | ????# ##???????????????????????????????????? | | ##### ###????????????????????????????????????? | | % #??????????????????????????????????????? | | ##### ##??????????????????????????????????????? | | ????# #???????????????????????????????????????? | | ????# #???????????????????????????????????????? | | ????#%###########?????????????????????????????? | | ????# ??????????????????????? | | ????### #########?????????????????????????????? | | ??????# #?????????????????????????????????????? | | ??????# #?????????????????????????????????????? | +----------------------------------------------------+ Best States ------------- Heat Dissipation 25 Energy Generation 10 Energy Capacity 250 Matter Stores 300 Matter Capacity 300 Sight Range 16 Terrain Scan Density 10 Evasion (%) 55 Recoil Reduction 2 Item Schematics ----------------- None Robot Schematics ------------------ None Fabricated ------------ Nothing Alien Tech Used ----------------- None Achievements -------------- None Challenges ------------ None Game ------ Seed PropulsionImprinterHumpback Manual? 0 Play Time 00:12:43 Cumulative 65.2 hours Start 2024.07.16 @ 12:18:18 End 2024.07.16 @ 12:34:36 Sessions 3 Manual Loads 0 Difficulty Rogue Special Mode None Game No. 113 Rogue 113 Adventurer 0 Explorer 0 Win Type - Total 0 Types 0/0/0/0/0/0/0/0/0 Lore% 47 Gallery% 56 Achievement% 40 Wizard Run 0 Options --------- Layout 1 ASCII 0 Keyboard 0 Movement Mouse Keybinds 0 Fullscreen 2 Font 20/SmallcapsGlow Map View 54x42 Zoom Use 0% Tactical HUD 1 Map Filters NONE Filters NONE Steam 0 RUN: d3f1d05b-c7ca-430a-9430-41f9e3721935